| TOP OF THE 1ST |
|
Binghamton Mets batting - Pitching for Augusta GreenJackets : RHP Israel Alvarado
|
|
Pitching: RHP Israel Alvarado
|
|
|
Batting: LHB Jose Chavez
|
0-0: Ball 1-0: Ball 2-0: Foul Ball, location: 2F 2-1: Swinging Strike 2-2: Strikes out swinging
|
|
Batting: RHB Andy Solorzano
|
0-0: SINGLE (Line Drive, 4D, EV 105.6 MPH)
|
|
Batting: SHB Alex Orozco
|
0-0: Foul Ball, location: 2F 0-1: Ball 1-1: Ball 2-1: Fly out, F8 (Flyball, 8LM, EV 76.2 MPH)
|
|
Batting: LHB Willie Cintron
|
0-0: Ball 1-0: Called Strike 1-1: Swinging Strike 1-2: Strikes out looking
|
| Top of the 1st over - 0 runs, 1 hit, 0 errors, 1 left on base; Binghamton 0 - Augusta 0 |
| BOTTOM OF THE 1ST |
|
Augusta GreenJackets batting - Pitching for Binghamton Mets : RHP Hugo Valentin
|
|
Pitching: RHP Hugo Valentin
|
|
|
Batting: RHB Devin Lowery
|
0-0: Ball 1-0: Foul Ball, location: 2F 1-1: Ball 2-1: Called Strike 2-2: Ball 3-2: Ground out 6-3 (Groundball, 6, EV 103.1 MPH)
|
|
Batting: RHB Ian Richardson
|
0-0: Called Strike 0-1: Foul Ball, location: 2F 0-2: Ground out 6-3 (Groundball, 6S, EV 84.4 MPH)
|
|
Batting: RHB Chris King
|
0-0: Foul Ball, location: 2F 0-1: Ground out 4-3 (Groundball, 4, EV 93.1 MPH)
|
| Bottom of the 1st over - 0 runs, 0 hits, 0 errors, 0 left on base; Binghamton 0 - Augusta 0 |
| TOP OF THE 2ND |
|
Binghamton Mets batting - Pitching for Augusta GreenJackets : RHP Israel Alvarado
|
|
Batting: RHB Chris Nelson
|
0-0: Ball 1-0: Swinging Strike 1-1: Called Strike 1-2: Ball 2-2: Foul Ball, location: 2F 2-2: Ground out 6-3 (Groundball, 6, EV 80.6 MPH)
|
|
Batting: LHB Elmo Dreier
|
0-0: Ball 1-0: Foul Ball, location: 2F 1-1: Ball 2-1: SINGLE (Line Drive, 4M, EV 100.0 MPH)
|
|
Batting: RHB Shawn Mathews
|
0-0: Ball 1-0: Ball 2-0: Ball Elmo Dreier steals 2nd, throwing error, E2 Elmo Dreier to third 3-0: Called Strike 3-1: Foul Ball, location: 2F 3-2: Strikes out swinging
|
|
Batting: RHB Jake Hansford
|
0-0: Ball 1-0: Ball 2-0: Called Strike 2-1: Swinging Strike 2-2: Ground out 5-3 (Groundball, 56, EV 85.0 MPH)
|
| Top of the 2nd over - 0 runs, 1 hit, 1 error, 1 left on base; Binghamton 0 - Augusta 0 |
| BOTTOM OF THE 2ND |
|
Augusta GreenJackets batting - Pitching for Binghamton Mets : RHP Hugo Valentin
|
|
Batting: LHB Pong-keun Koh
|
0-0: Foul Ball, location: 2F 0-1: Swinging Strike 0-2: Ground out 5-3 (Groundball, 6, EV 83.1 MPH)
|
|
Batting: RHB Doug Kennie
|
0-0: Called Strike 0-1: Ball 1-1: Ball 2-1: Called Strike 2-2: Ball 3-2: Base on Balls
|
|
Batting: RHB Drew Duncan
|
0-0: Ball 1-0: Ball 2-0: Foul Ball, location: 2F 2-1: Ball 3-1: Base on Balls Doug Kennie to second
|
|
Batting: RHB Juan Flores
|
0-0: Ground out U3 (Groundball, 3S, EV 67.5 MPH) Doug Kennie to third Drew Duncan to second
|
|
Batting: LHB John Whitman
|
0-0: Foul Ball, location: 2F 0-1: Foul Ball, location: 2F 0-2: SINGLE (Line Drive, 56D, EV 98.8 MPH) Doug Kennie scores Drew Duncan to third Runner from 3rd tries for Home, SAFE, throw by LF to home
|
|
Batting: RHB Alfredo Lemus
|
0-0: Ball 1-0: Called Strike 1-1: Ball 2-1: Ground out 4-3 (Groundball, 4, EV 85.0 MPH)
|
| Bottom of the 2nd over - 2 runs, 1 hit, 0 errors, 1 left on base; Binghamton 0 - Augusta 2 |
| TOP OF THE 3RD |
|
Binghamton Mets batting - Pitching for Augusta GreenJackets : RHP Israel Alvarado
|
|
Batting: RHB Dave Conde
|
0-0: Ball 1-0: Ground out 4-3 (Groundball, 4, EV 90.0 MPH)
|
|
Batting: LHB Jose Chavez
|
0-0: Called Strike 0-1: Swinging Strike 0-2: Ball 1-2: Fly out, F8 (Flyball, 8RD, EV 87.5 MPH)
|
|
Batting: RHB Andy Solorzano
|
0-0: Ball 1-0: Called Strike 1-1: Foul Ball, location: 2F 1-2: Strikes out swinging
|
| Top of the 3rd over - 0 runs, 0 hits, 0 errors, 0 left on base; Binghamton 0 - Augusta 2 |
| BOTTOM OF THE 3RD |
|
Augusta GreenJackets batting - Pitching for Binghamton Mets : RHP Hugo Valentin
|
|
Batting: RHB Devin Lowery
|
0-0: Ball 1-0: Foul Ball, location: 2F 1-1: Ball 2-1: Foul Ball, location: 2F 2-2: Foul Ball, location: 2F 2-2: Ball 3-2: Base on Balls
|
|
Batting: RHB Ian Richardson
|
0-0: Ball 1-0: Called Strike 1-1: Foul Ball, location: 2F 1-2: Strikes out swinging
|
|
Batting: RHB Chris King
|
0-0: Ball Devin Lowery steals 2nd base 1-0: Ball 2-0: Ball Devin Lowery steals 3rd base 3-0: Called Strike 3-1: Base on Balls
|
|
Batting: LHB Pong-keun Koh
|
0-0: Ball 1-0: Called Strike 1-1: Ball 2-1: Ball 3-1: Fly out, F9 (Flyball, 9, EV 73.8 MPH) Runner from 3rd tags up, SCORES, no throw by RF
|
|
Batting: RHB Doug Kennie
|
0-0: Ball 1-0: Swinging Strike 1-1: Swinging Strike 1-2: Ball 2-2: Strikes out swinging
|
| Bottom of the 3rd over - 1 run, 0 hits, 0 errors, 1 left on base; Binghamton 0 - Augusta 3 |
| TOP OF THE 4TH |
|
Binghamton Mets batting - Pitching for Augusta GreenJackets : RHP Israel Alvarado
|
|
Batting: SHB Alex Orozco
|
0-0: Ground out 6-3 (Groundball, 4, EV 94.4 MPH)
|
|
Batting: LHB Willie Cintron
|
0-0: Ball 1-0: Swinging Strike 1-1: Called Strike 1-2: Foul Ball, location: 2F 1-2: Foul Ball, location: 2F 1-2: Foul Ball, location: 2F 1-2: Ball 2-2: Ball 3-2: Strikes out looking
|
|
Batting: RHB Chris Nelson
|
0-0: Ball 1-0: Called Strike 1-1: Swinging Strike 1-2: Foul Ball, location: 2F 1-2: Strikes out swinging
|
| Top of the 4th over - 0 runs, 0 hits, 0 errors, 0 left on base; Binghamton 0 - Augusta 3 |
| BOTTOM OF THE 4TH |
|
Augusta GreenJackets batting - Pitching for Binghamton Mets : RHP Hugo Valentin
|
|
Batting: RHB Drew Duncan
|
0-0: Swinging Strike 0-1: Foul Ball, location: 2F 0-2: Ball 1-2: Strikes out swinging
|
|
Batting: RHB Juan Flores
|
0-0: Foul Ball, location: 2F 0-1: Ball 1-1: Ball 2-1: Called Strike 2-2: Ground out 4-3 (Groundball, 4, EV 104.4 MPH)
|
|
Batting: LHB John Whitman
|
0-0: Called Strike 0-1: Fly out, F7 (Line Drive, 7, EV 105.6 MPH)
|
| Bottom of the 4th over - 0 runs, 0 hits, 0 errors, 0 left on base; Binghamton 0 - Augusta 3 |
| TOP OF THE 5TH |
|
Binghamton Mets batting - Pitching for Augusta GreenJackets : RHP Israel Alvarado
|
|
Batting: LHB Elmo Dreier
|
0-0: SINGLE (Groundball, 4D, EV 94.4 MPH)
|
|
Batting: RHB Shawn Mathews
|
0-0: Foul Ball, location: 2F 0-1: Ball Elmo Dreier steals 2nd base 1-1: Ball Passed Ball! Elmo Dreier to third 2-1: Ball 3-1: Fly out, F4 (Flyball, 4D, EV 95.6 MPH)
|
|
Batting: RHB Jake Hansford
|
0-0: Called Strike 0-1: Ball 1-1: Ground out 4-3 (Groundball, 4, EV 104.4 MPH) Elmo Dreier scores
|
|
Batting: RHB Dave Conde
|
0-0: Called Strike 0-1: Ground out U3 (Groundball, 3S, EV 90.0 MPH)
|
| Top of the 5th over - 1 run, 1 hit, 0 errors, 0 left on base; Binghamton 1 - Augusta 3 |
| BOTTOM OF THE 5TH |
|
Augusta GreenJackets batting - Pitching for Binghamton Mets : RHP Hugo Valentin
|
|
Batting: RHB Alfredo Lemus
|
0-0: Ball 1-0: Ball 2-0: Ground out 5-3 (Groundball, 5L, EV 100.6 MPH)
|
|
Batting: RHB Devin Lowery
|
0-0: Foul Ball, location: 2F 0-1: Called Strike 0-2: Ball 1-2: Foul Ball, location: 2F 1-2: Fly out, F9 (Flyball, 9LM, EV 78.1 MPH)
|
|
Batting: RHB Ian Richardson
|
0-0: Fly out, F9 (Flyball, 9S, EV 96.9 MPH)
|
| Bottom of the 5th over - 0 runs, 0 hits, 0 errors, 0 left on base; Binghamton 1 - Augusta 3 |
| TOP OF THE 6TH |
|
Binghamton Mets batting - Pitching for Augusta GreenJackets : RHP Israel Alvarado
|
|
Batting: LHB Jose Chavez
|
0-0: Called Strike 0-1: Swinging Strike 0-2: Strikes out looking
|
|
Batting: RHB Andy Solorzano
|
0-0: Swinging Strike 0-1: Foul Ball, location: 2F 0-2: Ball 1-2: Foul Ball, location: 2F 1-2: Foul Ball, location: 2F 1-2: Strikes out looking
|
|
Batting: SHB Alex Orozco
|
0-0: Foul Ball, location: 2F 0-1: Swinging Strike 0-2: SINGLE (Line Drive, 9LS, EV 91.9 MPH)
|
|
Batting: LHB Willie Cintron
|
0-0: Ball 1-0: Called Strike 1-1: Swinging Strike 1-2: Foul Ball, location: 2F 1-2: Ball 2-2: Hit by Pitch Alex Orozco to second
|
|
Batting: RHB Chris Nelson
|
0-0: Called Strike 0-1: Swinging Strike 0-2: Strikes out swinging
|
| Top of the 6th over - 0 runs, 1 hit, 0 errors, 2 left on base; Binghamton 1 - Augusta 3 |
| BOTTOM OF THE 6TH |
|
Augusta GreenJackets batting - Pitching for Binghamton Mets : RHP Hugo Valentin
|
|
Batting: RHB Chris King
|
0-0: Ball 1-0: Ball 2-0: Foul Ball, location: 2F 2-1: Ball 3-1: Foul Ball, location: 2F 3-2: Base on Balls
|
|
Batting: LHB Pong-keun Koh
|
0-0: Ball 1-0: Ball 2-0: Fly out, F8 (Flyball, 8LXD, EV 96.2 MPH)
|
|
Batting: RHB Doug Kennie
|
0-0: SINGLE (Groundball, 3D, EV 104.4 MPH) Chris King to second
|
|
Batting: RHB Drew Duncan
|
0-0: Ball 1-0: Ground out 6-3 (Groundball, 6S, EV 73.8 MPH) Chris King to third Doug Kennie to second
|
|
Batting: RHB Juan Flores
|
0-0: Ball 1-0: Called Strike 1-1: Ball 2-1: Foul Ball, location: 2F 2-2: Foul Ball, location: 2F 2-2: SINGLE (Line Drive, 8RS, EV 107.5 MPH) Chris King scores Doug Kennie to third
|
|
Batting: LHB John Whitman
|
0-0: Foul Ball, location: 2F 0-1: Foul Ball, location: 2F 0-2: Foul Ball, location: 2F 0-2: Ball 1-2: Foul Ball, location: 2F 1-2: Foul Ball, location: 2F 1-2: Foul Ball, location: 2F 1-2: Fly out, F7 (Flyball, 78M, EV 91.2 MPH)
|
| Bottom of the 6th over - 1 run, 2 hits, 0 errors, 2 left on base; Binghamton 1 - Augusta 4 |
| TOP OF THE 7TH |
|
Binghamton Mets batting - Pitching for Augusta GreenJackets : RHP Israel Alvarado
|
|
Batting: LHB Elmo Dreier
|
0-0: Swinging Strike 0-1: Ball 1-1: Swinging Strike 1-2: Ball 2-2: Strikes out looking
|
|
Batting: RHB Shawn Mathews
|
0-0: Called Strike 0-1: Fly out, F4 (Line Drive, 4, EV 63.8 MPH)
|
|
Batting: RHB Jake Hansford
|
0-0: Ball 1-0: Ball 2-0: Called Strike 2-1: Ground out 6-3 (Groundball, 6S, EV 83.8 MPH)
|
| Top of the 7th over - 0 runs, 0 hits, 0 errors, 0 left on base; Binghamton 1 - Augusta 4 |
| BOTTOM OF THE 7TH |
|
Augusta GreenJackets batting - Pitching for Binghamton Mets : RHP Hugo Valentin
|
|
Pitching: RHP Francis Cornick
|
|
|
Batting: RHB Alfredo Lemus
|
0-0: Ball 1-0: Ground out 3-1 (Groundball, 34, EV 85.6 MPH)
|
|
Batting: RHB Devin Lowery
|
0-0: Called Strike 0-1: Ball 1-1: Ball 2-1: Called Strike 2-2: Ball 3-2: SINGLE (Line Drive, 89M, EV 86.9 MPH)
|
|
Batting: RHB Ian Richardson
|
0-0: Called Strike 0-1: Called Strike 0-2: Ball 1-2: Fly out, F9 (Line Drive, 9S, EV 97.5 MPH)
|
|
Batting: RHB Chris King
|
0-0: Ball 1-0: Ball 2-0: Fielders Choice at 2nd, 6-4 (Groundball, 6, EV 94.4 MPH)
|
| Bottom of the 7th over - 0 runs, 1 hit, 0 errors, 1 left on base; Binghamton 1 - Augusta 4 |
| TOP OF THE 8TH |
|
Binghamton Mets batting - Pitching for Augusta GreenJackets : RHP Israel Alvarado
|
|
Pitching: RHP Ron Riley
|
|
|
Batting: RHB Dave Conde
|
0-0: Called Strike 0-1: Ball 1-1: Ball 2-1: Swinging Strike 2-2: Foul Ball, location: 2F 2-2: Strikes out swinging
|
|
Batting: LHB Jose Chavez
|
0-0: Ground out 6-3 (Groundball, 6S, EV 88.1 MPH)
|
|
Batting: RHB Andy Solorzano
|
0-0: Ball 1-0: Ball 2-0: Foul Ball, location: 2F 2-1: Fly out, F8 (Flyball, 78S, EV 81.9 MPH)
|
| Top of the 8th over - 0 runs, 0 hits, 0 errors, 0 left on base; Binghamton 1 - Augusta 4 |
| BOTTOM OF THE 8TH |
|
Augusta GreenJackets batting - Pitching for Binghamton Mets : RHP Francis Cornick
|
|
Pitching: LHP Matt Allert
|
|
|
Batting: LHB Pong-keun Koh
|
0-0: Fly out, F9 (Line Drive, 9, EV 94.4 MPH)
|
|
Batting: RHB Doug Kennie
|
0-0: Swinging Strike 0-1: Fly out, F9 (Flyball, 9, EV 84.4 MPH)
|
|
Batting: RHB Drew Duncan
|
0-0: Ball 1-0: Ball 2-0: Called Strike 2-1: Foul Ball, location: 2F 2-2: Ball 3-2: Fly out, F4 (Line Drive, 4, EV 72.5 MPH)
|
| Bottom of the 8th over - 0 runs, 0 hits, 0 errors, 0 left on base; Binghamton 1 - Augusta 4 |
| TOP OF THE 9TH |
|
Binghamton Mets batting - Pitching for Augusta GreenJackets : RHP Ron Riley
|
|
Batting: SHB Alex Orozco
|
0-0: Called Strike 0-1: Foul Ball, location: 2F 0-2: Ground out 4-3 (Groundball, 34D, EV 85.0 MPH)
|
|
Batting: LHB Willie Cintron
|
0-0: Ball 1-0: Foul Ball, location: 2F 1-1: Swinging Strike 1-2: Strikes out swinging
|
|
Batting: RHB Chris Nelson
|
0-0: Foul Ball, location: 2F 0-1: Ball 1-1: Ball 2-1: Foul Ball, location: 2F 2-2: Ball 3-2: Strikes out looking
|
| Top of the 9th over - 0 runs, 0 hits, 0 errors, 0 left on base; Binghamton 1 - Augusta 4 |
|